 Dungeon Crawl Stone Soup version 0.30-a0-542-ge43150dd35 (webtiles) character file.

Game seed: 11602194242654983869

346 Gitty the Chopper (level 6, 0/82 HPs)
             Began as a Minotaur Berserker on Dec 26, 2022.
             Was an Elder of Trog.
             Slain by a hobgoblin
             ... wielding a +0 club
              (2 damage)
             ... on level 3 of the Dungeon.
             The game lasted 00:11:20 (2425 turns).

Gitty the Chopper (Minotaur Berserker)              Turns: 2425, Time: 00:11:21

Health: 0/82       AC:  9    Str: 28    XL:     6   Next: 32%
Magic:  5/5        EV:  9    Int:  4    God:    Trog [****..]
Gold:   205        SH:  7    Dex: 11    Spells: 5/5 levels left

rFire   . . .      SeeInvis .    a - +0 hand axe
rCold   . . .      Faith    .    c - +0 kite shield
rNeg    . . .      Spirit   .    b - +0 scale mail
rPois   .          Reflect  .    (helmet restricted)
rElec   .          Harm     .    j - +0 cloak
rCorr   .          Rampage  .    n - +0 pair of gloves
Will    .....                    (no boots) Stlth
                                 (no amulet)
HPRegen 0.33/turn                f - +6 ring of strength
MPRegen 0.09/turn                (no ring)

@: berserking, very quick
A: horns 2, retaliatory headbutt
a: Renounce Religion, Berserk, Trog's Hand, Brothers in Arms


You were on level 3 of the Dungeon.
You worshipped Trog.
Trog was greatly pleased with you.
You visited 1 branch of the dungeon, and saw 3 of its levels.

You collected 205 gold pieces.

Inventory:

Hand Weapons
 a - a +0 hand axe (weapon)
 o - a +0 sling
Armour
 b - a +0 scale mail (worn)
 c - a +0 kite shield (worn)
 j - a +0 cloak (worn)
 n - a +0 pair of gloves (worn)
Jewellery
 f - a +6 ring of strength (left hand)
Scrolls
 d - a scroll of noise
 g - a scroll of blinking {unknown}
 i - a scroll of enchant armour {unknown}
 k - a scroll of fear {unknown}
 m - a scroll of poison {unknown}
 p - a scroll of teleportation {unknown}
Potions
 e - 2 potions of resistance
 h - a potion of curing
 l - a potion of ambrosia


   Skills:
 + Level 4.8 Fighting
 + Level 6.4 Axes
 + Level 3.4 Armour
 + Level 3.1 Dodging
 + Level 1.2 Stealth
 + Level 1.8 Shields


You had 5 spell levels left.
You didn't know any spells.
Your spell library was empty.

Dungeon Overview and Level Annotations

Branches:
Dungeon (3/15)

Altars:
Ashenzari
Sif Muna


Innate Abilities, Weirdness & Mutations

You have a pair of horns on your head.
You reflexively headbutt those who attack you in melee.


Message History

The hobgoblin barely misses you.
A goblin comes into view. It is wielding a +0 club.
You slash the kobold!
You kill the kobold!
Trog accepts your kill.
You hit the goblin.
You kill the goblin!
Trog accepts your kill.
You closely miss the hobgoblin. The gnoll barely misses you.
You block the gnoll's attack. The hobgoblin hits you with a +0 club.
* * * LOW HITPOINT WARNING * * *
You block the gnoll's attack. The gnoll hits you but does no damage.
The hobgoblin hits you but does no damage.
A gnoll comes into view. It is wielding a +0 spear.
Items here: $ ( ))) ††.
You barely miss the gnoll.
The gnoll shouts!
You hit the gnoll. You barely miss the hobgoblin. You closely miss the gnoll.
You hit the hobgoblin but do no damage. The gnoll misses you.
The gnoll hits you with a +0 spear.
* * * LOW HITPOINT WARNING * * *
The gnoll hits you but does no damage. The hobgoblin barely misses you.
The hobgoblin hits you with a +0 club.
* * * LOW HITPOINT WARNING * * *
You closely miss the gnoll. x2; You hit the hobgoblin.
You barely miss the gnoll. You barely miss the hobgoblin.
A hobgoblin comes into view. It is wielding a +0 club.
You block the gnoll's attack. The gnoll hits you but does no damage.
You block the hobgoblin's attack. The hobgoblin hits you with a +0 club.
* * * LOW HITPOINT WARNING * * *
The gnoll closely misses you.
A red film seems to cover your vision as you go berserk!
You feel yourself moving faster!
You feel mighty! The gnoll barely misses you. You furiously retaliate!
You headbutt the gnoll. The gnoll hits you with a +0 spear.
* * * LOW HITPOINT WARNING * * *
The gnoll hits you with a +0 halberd!
* * * LOW HITPOINT WARNING * * *
The hobgoblin hits you with a +0 club.
You die...

######## ######## )#.....##
##......# )'......###....)).#
##.......#$.....gg##'#
.........#)...))@ggg.#
)).......'......ggg..#
.).......#...........#
##)......#........##'#
.'......###.......# .#
.#.....## ##......# #≈≈≈≈≈≈≈#
################### #≈≈≈≈≈≈≈#
≈≈≈≈≈≈≈≈≈≈≈≈≈≈≈≈≈≈#####≈≈≈≈≈≈≈#
≈≈≈≈≈≈≈≈≈≈≈≈≈≈≈≈≈≈≈≈≈≈≈≈≈≈≈≈≈≈#


You could see 4 gnolls, 3 hobgoblins and a goblin.

Vanquished Creatures
  A scorpion (D:3)
  A hound (D:3)
  9 gnolls (D:3)
  3 adders (D:3)
  2 worms
  5 dart slugs
  5 ball pythons
  7 endoplasms
  2 giant cockroaches (D:1)
  32 goblins
  26 hobgoblins
  3 jackals (D:2)
  10 kobolds
  2 quokkas
  3 bats
  4 frilled lizards
  3 rats
118 creatures vanquished.

Notes
Turn   | Place    | Note
-------+----------+-------------------------------------------
     0 | D:1      | Gitty the Minotaur Berserker began the quest for the Orb.
     0 | D:1      | Reached XP level 1. HP: 19/19 MP: 0/0
   103 | D:1      | Reached skill level 4 in Axes
   103 | D:1      | Reached XP level 2. HP: 24/27 MP: 1/1
   527 | D:1      | Reached ** piety under Trog
   600 | D:1      | Reached XP level 3. HP: 33/33 MP: 2/2
   869 | D:2      | Found a shimmering blue altar of Sif Muna.
  1703 | D:3      | Reached XP level 4. HP: 40/40 MP: 3/3
  1732 | D:3      | Found a broken altar of Ashenzari.
  1758 | D:3      | Reached skill level 5 in Axes
  1792 | D:3      | Noticed a scorpion
  1803 | D:3      | Killed a scorpion
  1804 | D:3      | Reached skill level 1 in Stealth
  1804 | D:3      | Reached skill level 1 in Shields
  1876 | D:3      | Reached XP level 5. HP: 47/47 MP: 4/4
  2159 | D:3      | Reached *** piety under Trog
  2208 | D:3      | Reached skill level 6 in Axes
  2220 | D:3      | Reached XP level 6. HP: 32/53 MP: 5/5
  2419 | D:3      | Reached **** piety under Trog
  2425 | D:3      | HP: 2/82 [gnoll/+0 halberd (11)]
  2425 | D:3      | Slain by a hobgoblin

Illustrated notes

Levels and vault maps discovered:
D:1:      tarquinn_simple_flora_water_f, layout_basic, kennysheep_nondescript,
          st_stairs_11
D:2:      kennysheep_the_goblin_king, layout_basic, basic_altar,
          minmay_tromino_i2
D:3:      minmay_goblin_kobold_castle, layout_loops_ring,
          cheibrodos_ashenzari_chains, lemuel_coloured_pillars_altar,
          feat_on_display

Skill      XL: |  1  2  3  4  5  6 |
---------------+-------------------+-----
Axes           | 4 5 6 |  6.4
Fighting       | 4 |  4.8
Armour         | 3 |  3.4
Stealth        | 1 |  1.2
Shields        | 1 |  1.8
Dodging        | 3 |  3.1

Action                   |  1- 3 |  4- 6 || total
-------------------------+-------+-------++-------
Melee: Hand axe          |    80 |   118 ||   198
       Headbutt          |    13 |    22 ||    35
Invok: Berserk           |       |     2 ||     2
  Use: Scroll            |     3 |     1 ||     4
 Stab: Sleeping          |     2 |       ||     2
Armor: Animal skin       |    12 |       ||    12
       Scale mail        |    14 |    63 ||    77
       Ring mail         |     3 |       ||     3
Dodge: Dodged            |    27 |    60 ||    87
Block: Kite shield       |    17 |    58 ||    75

Table legend: (Time is in decaauts)
 A = Elapsed time spent in this place.
 B = Non-inter-level travel time spent in this place.
 C = Inter-level travel time spent in this place.
 D = Time resting spent in this place.
 E = Time spent auto-exploring this place.
 F = Levels seen in this place.
 G = Mean time per level.
                   A        B        C        D        E       F      G
               +--------+--------+--------+--------+--------+-----+--------+
         Total |   2473 |   2446 |     27 |      0 |   1854 |   3 |  824.3 |
       Dungeon |   2473 |   2446 |     27 |      0 |   1854 |   3 |  824.3 |
               +--------+--------+--------+--------+--------+-----+--------+

Top non-repeatable levels by time:
     D:1: 876 daAuts
     D:3: 805 daAuts
     D:2: 791 daAuts
